 Dungeon Crawl Stone Soup version 0.27-a0-808-g60bc5d92e6 (webtiles) character file.

Game seed: 8801699739751862016

109 rageheart7 the Skirmisher (level 4, -2/38 HPs)
             Began as a Demonspawn Delver on Mar 28, 2021.
             Killed by nerve-wracking pain
             ... invoked by an orc priest
              (11 damage)
             ... on level 2 of the Dungeon.
             The game lasted 00:03:44 (2943 turns).

rageheart7 the Skirmisher (Demonspawn Delver)       Turns: 2943, Time: 00:03:44

Health: -2/38      AC:  3    Str: 14    XL:     4   Next: 59%
Magic:  4/4        EV: 11    Int: 11    God:
Gold:   114        SH:  0    Dex: 14    Spells: 3/3 levels left

rFire    x . .     SeeInvis +   a - +0 mace
rCold    + . .     Faith    .   (no shield)
rNeg     . . .     Spirit   .   b - +0 leather armour
rPois    .         Reflect  .   (helmet restricted)
rElec    .         Harm     .   (no cloak)
rCorr    .         Rampage  .   (no gloves)
Will     .....                  (no boots)
Stlth    ++........             (no amulet)
HPRegen  0.12/turn              i - ring of ice
MPRegen  0.09/turn              o - ring of see invisible

@: no status effects
A: antennae 1, talons 1, demonic guardian 1
a: no special abilities


You were on level 2 of the Dungeon.
You visited 1 branch of the dungeon, and saw 5 of its levels.

You collected 114 gold pieces.

Inventory:

Hand Weapons
 a - a +0 mace (weapon)
Armour
 b - a +0 leather armour (worn)
 n - a +0 kite shield
Jewellery
 i - a ring of ice (left hand)
 o - a ring of see invisible (right hand)
Wands
 g - a wand of digging (3)
Scrolls
 c - 2 scrolls of fog
 d - 2 scrolls of magic mapping
 e - a scroll of fear
 m - a scroll of identify {unknown}
Potions
 f - a potion of haste
 h - 3 potions of brilliance
 l - a potion of flight {unknown}
 p - a potion of curing {unknown}


   Skills:
 * Level 4.9 Fighting
 - Level 1.7 Maces & Flails
 - Level 1.7 Dodging
 - Level 4.5 Stealth
 * Level 1.8 Unarmed Combat


You had 3 spell levels left.
You didn't know any spells.
Your spell library was empty.

Dungeon Overview and Level Annotations

Branches:
Dungeon (5/15)
 Temple: D:4-7

Altars:

Shops:
D:5 ?*=(

Annotations:
D:2 1 runed translucent door, Crazy Yiuf


Innate Abilities, Weirdness & Mutations

You have a pair of small antennae on your head.
You have sharp toenails.
A weak demonic guardian rushes to your aid.


Message History

You hit the orc priest. You claw the orc priest.
The orc priest is almost dead.
The orc priest hits you with a +0 short sword.
You sock the orc priest!
You kill the orc priest!
No target in view!
No target in view!
No target in view!
No target in view!
No target in view!
No target in view!
No target in view!
No target in view!
No target in view!
No target in view!
You climb downwards.
The orc priest barely misses you.
The orc priest hits you but does no damage.
There is a stone staircase leading up, spattered with blood here.
You closely miss the orc priest. Your kick misses the orc priest.
The orc priest invokes the aid of Beogh against you.
Pain shoots through your body!
You are too injured to fight recklessly!
The orc priest looks braver for a moment.
You climb upwards.
Level annotation: 1 runed translucent door, Crazy Yiuf
There is a stone staircase leading down, spattered with blood here.
You sock the orc priest!
The orc priest is heavily wounded.
The orc priest barely misses you.
You barely miss the orc priest. Your kick misses the orc priest.
The orc priest is heavily wounded.
The orc priest calls down the wrath of Beogh upon you.
Beogh smites you!
* * * LOW HITPOINT WARNING * * *
A demonic guardian appears!
The orc priest barely misses you.
You hit the orc priest. You claw the orc priest.
The orc priest is almost dead.
The orc priest invokes the aid of Beogh against you.
Pain shoots through your body!
You die...

#.# #.....# #......# #.#
###.########...#.#
###.##########.......####.#.#
###............#.#####.# #.#.#
....#.#####.###..# #.####.#.#
##..#.####.## ##.# #....#.#.###
#.......#.# #.# #.##........
#.......#.## ##[#####.....#..###
##..<....#..###[@)..)...#.#.#.#
.........#.#...o.5...).....##.#
.........#.######.......#..##.#
##.......#.# #............##.###
#.......#.# #....##.###..##....
#.#######.####..###...##..#####.
#.# #.##...)...............# #.#
#.##.#..###...###.###.## #.#
#............## #......#


You could see an orc priest (ally target) and a friendly quasit (summoned).

Vanquished Creatures
  An orc priest (D:2)
  Jessica (D:2)
  A worm (D:2)
  A dart slug (D:2)
  2 orcs
  5 ball pythons
  2 bats
  2 endoplasms
  3 giant cockroaches (D:2)
  2 goblins (D:2)
  4 hobgoblins
  2 quokkas
  2 frilled lizards
  5 kobolds
  4 rats
37 creatures vanquished.

Vanquished Creatures (collateral kills)
  A worm (D:2)
  A dart slug (D:1)
  An orc (D:2)
  A ball python (D:1)
  A bat (D:2)
  A giant cockroach (D:1)
  3 goblins
  A hobgoblin (D:1)
  2 rats (D:1)
12 creatures vanquished.

Grand Total: 49 creatures vanquished

Notes
Turn   | Place    | Note
-------+----------+-------------------------------------------
     0 | D:5      | rageheart7 the Demonspawn Delver began the quest for the
                  | Orb.
     0 | D:5      | Reached XP level 1. HP: 18/18 MP: 1/1
    14 | D:5      | Noticed a killer bee
    14 | D:5      | Noticed a killer bee
    41 | D:5      | Found Tassisch's General Store.
    43 | D:5      | Found Utuluuxa's Jewellery Boutique.
    44 | D:5      | Found Dosao's Magic Scroll Boutique.
    45 | D:5      | Found Heolovou's Antique Weapon Boutique.
    53 | D:5      | Noticed a centaur
   126 | D:5      | Noticed a hound
   205 | D:2      | Found a faded altar of an unknown god.
   231 | D:2      | Gained mutation: A weak demonic guardian rushes to your
                  | aid. [demonic ancestry]
   231 | D:2      | Reached XP level 2. HP: 4/24 MP: 2/2
  1289 | D:1      | Gained mutation: You have sharp toenails. [demonic
                  | ancestry]
  1289 | D:1      | Reached XP level 3. HP: 30/30 MP: 3/3
  2033 | D:2      | Noticed Jessica
  2046 | D:2      | Killed Jessica
  2047 | D:2      | Reached skill level 1 in Unarmed Combat
  2047 | D:2      | Gained mutation: You have a pair of small antennae on your
                  | head. [demonic ancestry]
  2047 | D:2      | Reached XP level 4. HP: 11/38 MP: 4/4
  2334 | D:2      | Found a runed translucent door.
  2335 | D:2      | Noticed Crazy Yiuf
  2943 | D:2      | Killed from afar by an orc priest

Illustrated notes

Levels and vault maps discovered:
D:1:      scummos_arrival_star, layout_rooms, patterned_corridor
D:2:      layout_loops_ring, chequers_ecumenical_altar_island, minmay_distorted,
          uniq_jessica, uniq_crazy_yiuf_cottage
D:3:      layout_basic, general_overflow_altar, amethyst_overflow_temple_binary
D:4:      layout_rooms
D:5:      layout_basic, temple_doors_ab, minmay_shop_grid_forest

Skill      XL: |  1  2  3 |
---------------+----------+-----
Fighting       | 4 |  4.9
Unarmed Combat | 1 |  1.8
Maces & Flails | |  1.7
Dodging        | |  1.7
Stealth        | |  4.5

Action                   |  1- 3 |  4- 6 || total
-------------------------+-------+-------++-------
Melee: Mace              |   112 |    24 ||   136
       Kick              |    15 |     6 ||    21
  Use: Potion            |       |     3 ||     3
 Stab: Sleeping          |     5 |       ||     5
       Distracted        |     1 |       ||     1
Armor: Leather armour    |    29 |     5 ||    34
Dodge: Dodged            |    83 |    20 ||   103

Table legend: (Time is in decaauts)
 A = Elapsed time spent in this place.
 B = Non-inter-level travel time spent in this place.
 C = Inter-level travel time spent in this place.
 D = Time resting spent in this place.
 E = Time spent auto-exploring this place.
 F = Levels seen in this place.
 G = Mean time per level.
                   A        B        C        D        E       F      G
               +--------+--------+--------+--------+--------+-----+--------+
         Total |   3005 |   2933 |     72 |    374 |   2005 |   5 |  601.0 |
       Dungeon |   3005 |   2933 |     72 |    374 |   2005 |   5 |  601.0 |
               +--------+--------+--------+--------+--------+-----+--------+

Top non-repeatable levels by time:
     D:2: 1734 daAuts
     D:1: 1051 daAuts
     D:5: 134 daAuts
     D:3: 67 daAuts
     D:4: 17 daAuts
